 Dungeon Crawl Stone Soup version 0.31-a0-1156-g12f98b2 (webtiles) character file.

Game seed: 10305605527888142681

135 PidgeyThePirate the Gusty (level 5, -5/28 HPs)
             Began as a Tengu Air Elementalist on Dec 7, 2023.
             Slain by a gnoll
             ... wielding a +0 halberd
              (16 damage)
             ... on level 3 of the Dungeon.
             The game lasted 00:05:48 (2083 turns).

PidgeyThePirate the Gusty (Tengu Air Elementalist)  Turns: 2083, Time: 00:05:48

Health: -5/28      AC:  3    Str:  9    XL:     5   Next: 18%
Magic:  4/10       EV: 11    Int: 20    God:
Gold:   54         SH:  6    Dex: 13    Spells: 8/9 levels left

rFire   . . .        j - +1 whip (holy)
rCold   . . .        c - +2 buckler
rNeg    . . .        d - +0 leather armour
rPois   .            (helmet restricted)
rElec   .            (no cloak)
rCorr   .            (no gloves)
SInv    .            (boots unavailable)
Will    .....        (no amulet)
Stlth   ++           g - ring of flight
HPRegen 0.24/turn    (no ring)
MPRegen 0.12/turn

%: acrobat
@: lethally poisoned (-5 -> -7), flying
A: beak, talons 3, acrobatic, clever 1, mutation resistance 1, screaming 1,
MP-powered wands
a: no special abilities


You were on level 3 of the Dungeon.
You visited 1 branch of the dungeon, and saw 3 of its levels.

You collected 54 gold pieces.

Inventory:

Hand Weapons
 j - a +1 whip of holy wrath (weapon)
Armour
 a - a +0 robe
 c - a +2 buckler (worn)
 d - a +0 leather armour (worn)
Jewellery
 g - a ring of flight (left hand)
Scrolls
 e - 5 scrolls of identify {unknown}
 h - a scroll of fear {unknown}
 k - a scroll of poison {unknown}
 l - a scroll of butterflies {unknown}
 n - a scroll of immolation {unknown}
Potions
 b - 2 potions of magic
 f - a potion of mutation
 i - 2 potions of resistance {unknown}
 m - 2 potions of enlightenment {unknown}
 o - a potion of brilliance {unknown}


   Skills:
 + Level 0.1 Fighting
 + Level 1.2 Armour
 + Level 2.4 Dodging
 + Level 2.3 Stealth
 + Level 1.0 Shields
 + Level 0.6 Unarmed Combat
 + Level 2.7 Spellcasting
 + Level 2.6 Conjurations
 + Level 5.3 Air Magic


You had 8 spell levels left.
You knew the following spells:

 Your Spells              Type           Power      Damage    Failure   Level
a - Shock                 Conj/Air       72%        1d7       6%          1

Your spell library contained the following spells:

 Spells                   Type           Power      Damage    Failure   Level
 Static Discharge         Conj/Air       36%        3-5/arc   9%          2
 Swiftness                Air            24%        N/A       11%         3
 Foxfire                  Conj/Fire      32%        2x1d5     19%         1
 Airstrike                Air            12%        2d(2-18)  34%         4
 Sublimation of Blood     Necr           2%         N/A       43%         2
 Petrify                  Tmut/Erth      2%         N/A       97%         4
 Irradiate                Conj/Tmut      4%         3d13      99%         5
 Plasma Beam              Fire/Air       6%         2x1d17    100%        6
 Starburst                Conj/Fire      4%         6d3       100%        6


Dungeon Overview and Level Annotations

Branches:
Dungeon (3/15)

Altars:


Innate Abilities, Weirdness & Mutations

You have a beak for a mouth.
You have claws for feet.
You can magically evade attacks while moving or waiting.
Your mind is acute. (Int +4, Str/Dex -1)
You are somewhat resistant to further mutation.
You occasionally shout uncontrollably at your foes.
You expend magic power (3 MP) to strengthen your wands.


Message History

Press: ? - help, Shift-Dir - straight line The zap hits the adder.
The adder is heavily wounded.
The zap hits the gnoll.
The gnoll is moderately wounded.
The zap hits the gnoll but does no damage.
The gnoll is moderately wounded.
The zap hits the adder.
The adder is severely wounded.
The adder closely misses you. You block the gnoll's attack.
The adder bites you.
You are poisoned.
The adder poisons you!
Casting: Shock (safe; 6% risk of failure)
Confirm with . or Enter, or press ? or * to list all spells.
Aiming: Shock (safe; 6% risk of failure)
Press: ? - help, Shift-Dir - straight line The zap hits the adder.
You kill the adder!
The zap hits the gnoll.
The gnoll is heavily wounded.
The zap hits the gnoll.
The gnoll is lightly wounded.
The zap hits the gnoll.
The gnoll is heavily wounded.
You feel sick. The gnoll barely misses you.
Casting: Shock (safe; 6% risk of failure)
Confirm with . or Enter, or press ? or * to list all spells.
Aiming: Shock (safe; 6% risk of failure)
Press: ? - help, Shift-Dir - straight line The zap hits the gnoll!
The gnoll is almost dead.
The zap hits the gnoll.
The gnoll is severely wounded.
The zap hits the gnoll.
You kill the gnoll!
You feel sick.
The gnoll hits you from afar with a +0 halberd!
Ouch! That really hurt!
You die...

#..####.# #.#
#..
#.......###.#
###
...####..##.####
##†##.... #.#..#
#.
#....######....
####...........
##.##.#.####.#
.g #.#@#
#)##.#.#
#.#'#..#g#
#....g..)#
#.########


You could see a gnoll.

Vanquished Creatures
  Jessica (D:2)
  A gnoll (D:3)
  6 adders
  2 worms
  2 dart slugs
  4 bats
  3 endoplasms
  2 giant cockroaches (D:1)
  6 goblins
  3 hobgoblins (D:1)
  8 kobolds
  4 quokkas
  A frilled lizard (D:1)
  4 rats
47 creatures vanquished.

Notes
Turn   | Place    | Note
-------+----------+-------------------------------------------
     0 | D:1      | PidgeyThePirate the Tengu Air Elementalist began the quest
                  | for the Orb.
     0 | D:1      | Reached XP level 1. HP: 10/10 MP: 4/4
   279 | D:1      | Reached XP level 2. HP: 15/15 MP: 0/6
   734 | D:1      | Reached XP level 3. HP: 19/19 MP: 3/7
   975 | D:2      | Gained mutation: Your mind is acute. (Int +4, Str/Dex -1)
                  | [potion of mutation]
   975 | D:2      | Gained mutation: You occasionally shout uncontrollably at
                  | your foes. [potion of mutation]
   975 | D:2      | Gained mutation: You expend magic power (3 MP) to
                  | strengthen your wands. [potion of mutation]
   975 | D:2      | Gained mutation: You are somewhat resistant to further
                  | mutation. [potion of mutation]
   980 | D:2      | Reached skill level 5 in Air Magic
  1136 | D:2      | Noticed Jessica
  1148 | D:2      | Killed Jessica
  1149 | D:2      | Reached XP level 4. HP: 24/24 MP: 2/8
  1665 | D:2      | Found a faded altar of an unknown god.
  1671 | D:2      | Reached skill level 1 in Shields
  1903 | D:2      | Reached skill level 1 in Armour
  1987 | D:3      | Reached XP level 5. HP: 24/28 MP: 10/10
  2083 | D:3      | Slain by a gnoll

Illustrated notes

Levels and vault maps discovered:
D:1:      lordsloth_arrival_two_stooges, layout_rooms
D:2:      layout_loops_ring, shapermc_ecumenical_altar_pompeii, uniq_jessica
D:3:      layout_loops_ring, mainiacjoe_overflow_24_doors,
          minmay_joined_circles, uniq_crazy_yiuf_cottage

Skill      XL: |  1  2  3  4 |
---------------+-------------+-----
Air Magic      | 5 |  5.3
Conjurations   | 2 |  2.6
Shields        | 1 |  1.0
Armour         | 1 |  1.2
Fighting       | |  0.1
Dodging        | |  2.4
Stealth        | |  2.3
Unarmed Combat | |  0.6
Spellcasting   | |  2.7

Action                     |  1- 3 |  4- 6 || total
---------------------------+-------+-------++-------
  Melee: Unarmed           |    27 |     1 ||    28
         Peck              |     5 |     6 ||    11
         Kick              |     5 |     3 ||     8
         Whip              |       |    27 ||    27
   Cast: Shock             |    48 |    34 ||    82
    Use: Potion            |     3 |       ||     3
   Stab: Sleeping          |       |     2 ||     2
 Armour: Leather armour    |    31 |    19 ||    50
  Dodge: Dodged            |    27 |    20 ||    47
  Block: Buckler           |    14 |    10 ||    24

Table legend: (Time is in decaauts)
 A = Elapsed time spent in this place.
 B = Non-inter-level travel time spent in this place.
 C = Inter-level travel time spent in this place.
 D = Time resting spent in this place.
 E = Time spent auto-exploring this place.
 F = Levels seen in this place.
 G = Mean time per level.
                   A        B        C        D        E       F      G
               +--------+--------+--------+--------+--------+-----+--------+
         Total |   2089 |   2034 |     55 |      0 |   1666 |   3 |  696.3 |
       Dungeon |   2089 |   2034 |     55 |      0 |   1666 |   3 |  696.3 |
               +--------+--------+--------+--------+--------+-----+--------+

Top non-repeatable levels by time:
     D:2: 1009 daAuts
     D:1: 966 daAuts
     D:3: 113 daAuts
